 Dungeon Crawl Stone Soup version 0.30.1-3-gfc49f6343a (webtiles) character file.

Game seed: 8635900061930470573

448 Wiggles the Cleaver (level 6, -3/51 HPs)
             Began as a Minotaur Berserker on Aug 2, 2023.
             Was a Believer of Trog.
             Splashed by a jelly's acid (7 damage)
             ... on level 4 of the Dungeon.
             The game lasted 00:04:43 (2668 turns).

Wiggles the Cleaver (Minotaur Berserker)            Turns: 2668, Time: 00:04:43

Health: -3/51      AC:  7    Str: 24    XL:     6   Next: 73%
Magic:  5/5        EV: 10    Int: 10    God:    Trog [**....]
Gold:   158        SH:  0    Dex:  9    Spells: 5/5 levels left

rFire   + . .        a - +0 hand axe
rCold   . . .        (no shield)
rNeg    . . .        i - +0 scale mail
rPois   .            (helmet restricted)
rElec   +            (no cloak)
rCorr   .            (no gloves)
SInv    .            h - +0 pair of boots
Will    .....        (no amulet)
Stlth   +            o - ring "Zyinauta" {rElec rF+ Int+6 Stlth+}
HPRegen 0.28/turn    (no ring)
MPRegen 0.09/turn

%: no passive effects
@: no status effects
A: horns 2, retaliatory headbutt
a: Renounce Religion, Berserk, Trog's Hand


You were on level 4 of the Dungeon.
You worshipped Trog.
Trog was pleased with you.
You visited 1 branch of the dungeon, and saw 4 of its levels.

You collected 158 gold pieces.

Inventory:

Hand Weapons
 a - a +0 hand axe (weapon)
Armour
 h - a +0 pair of boots (worn)
 i - a +0 scale mail (worn)
Jewellery
 o - the ring "Zyinauta" (left hand) {rElec rF+ Int+6 Stlth+}
   (You found it on level 4 of the Dungeon)

   [ring of intelligence]

   Int:       It affects your intelligence (+6).
   rF:        It protects you from fire.
   rElec:     It insulates you from electricity.
   Stlth:     It makes you more stealthy.
Scrolls
 c - 5 scrolls of teleportation {unknown}
 d - a scroll of butterflies {unknown}
 f - 3 scrolls of identify {unknown}
 g - a scroll of amnesia {unknown}
 j - 2 scrolls of vulnerability {unknown}
 n - a scroll of immolation {unknown}
Potions
 b - a potion of might {unknown}
 e - 2 potions of degeneration {unknown}
 k - a potion of berserk rage {unknown}
 l - 4 potions of curing {unknown}
 m - a potion of brilliance {unknown}
 p - a potion of lignification {unknown}


   Skills:
 - Level 3.6 Fighting
 + Level 9.1 Axes
 - Level 2.4 Armour
 - Level 2.1 Dodging
 + Level 1.1 Stealth


You had 5 spell levels left.
You didn't know any spells.
Your spell library was empty.

Dungeon Overview and Level Annotations

Branches:
Dungeon (4/15)
 Temple: D:4-7

Altars:
Kikubaaqudgha
Ru


Innate Abilities, Weirdness & Mutations

You have a pair of horns on your head.
You reflexively headbutt those who attack you in melee.


Message History

You kill the quokka!
Trog accepts your kill.
You barely miss the orc priest.
The orc priest is moderately wounded.
The orc priest hits you with a +0 club.
The orc shouts!
You hit the orc priest. Your headbutt misses the orc priest.
The orc priest is heavily wounded.
The orc priest misses you.
You barely miss the orc priest.
The orc priest is heavily wounded.
You barely miss the orc priest.
You headbutt the orc priest, but do no damage.
The orc priest is heavily wounded.
The orc priest hits you but does no damage.
You closely miss the orc priest.
The orc priest is heavily wounded.
A jelly comes into view.
The orc priest calls down the wrath of Beogh upon you.
Beogh smites you!
You barely miss the orc priest. You headbutt the orc priest.
The orc priest is heavily wounded.
The orc priest mumbles some strange prayers to Beogh against you.
Pain shoots through your body!
* * * LOW HITPOINT WARNING * * *
You hit the orc priest but do no damage.
You headbutt the orc priest.
The orc priest is almost dead.
You hit the orc. The orc closely misses you. The orc priest misses you.
You slash the orc!
You kill the orc!
Trog accepts your kill.
You hit the orc priest.
You kill the orc priest!
Trog accepts your kill.
Your Axes skill increases to level 9!
Found a chain mail.
The jelly hits you.
* * * LOW HITPOINT WARNING * * *
You are splashed with acid!
You die...

###.##.
#.##.#
.[.[...
#####....#
....###
#......###
.####
#.###..#
.# #..# .#
#)†#######
.#
#..)......
.#
#..)......
.#
#.@.####.#
.# #.J.#
#...#
."..#
##....
....#.
#.#.#. #.
[# .


You could see a jelly.

Vanquished Creatures
  The ghost of Drain the Shooter, an amateur OpCj (D:3)
  2 orc priests (D:4)
  An orc wizard (D:4)
  6 adders
  4 gnolls (D:3)
  3 dart slugs
  A worm (D:2)
  16 orcs
  7 endoplasms
  6 giant cockroaches
  4 goblins
  3 hobgoblins
  2 quokkas (D:4)
  5 ball pythons
  4 bats
  3 frilled lizards
  5 kobolds
  A rat (D:2)
74 creatures vanquished.

Notes
Turn   | Place    | Note
-------+----------+-------------------------------------------
     0 | D:1      | Wiggles the Minotaur Berserker began the quest for the Orb.
     0 | D:1      | Reached XP level 1. HP: 19/19 MP: 0/0
    75 | D:1      | Reached skill level 4 in Axes
   156 | D:1      | Reached XP level 2. HP: 23/26 MP: 1/1
   224 | D:1      | Found a faded altar of an unknown god.
   655 | D:2      | Found a sacrificial altar of Ru.
   662 | D:2      | Reached skill level 5 in Axes
   662 | D:2      | Reached XP level 3. HP: 31/31 MP: 2/2
   752 | D:2      | Reached ** piety under Trog
  1053 | D:2      | Reached XP level 4. HP: 39/39 MP: 3/3
  1473 | D:3      | Found an ancient bone altar of Kikubaaqudgha.
  1484 | D:3      | Found a runed translucent door.
  1485 | D:3      | Noticed Drain's ghost (amateur OpCj)
  1494 | D:3      | Reached skill level 6 in Axes
  1937 | D:3      | Reached XP level 5. HP: 43/45 MP: 4/4
  2308 | D:3      | Killed Drain's ghost
  2309 | D:3      | Reached skill level 8 in Axes
  2309 | D:3      | Reached skill level 1 in Stealth
  2309 | D:3      | Reached XP level 6. HP: 51/51 MP: 5/5
  2475 | D:4      | Identified the ring "Zyinauta" {rElec rF+ Int+6 Stlth+}
  2668 | D:4      | Reached skill level 9 in Axes
  2668 | D:4      | Splashed by a jelly's acid

Illustrated notes

Levels and vault maps discovered:
D:1:      heliophobic_arrival_battle_scene, layout_rooms,
          ebering_ecumenical_altar_sacrificial, serial_glass, glass_columns_b,
          glass_columns_c, glass_columns_a, glass_columns_a,
          minmay_strange_pillars, due_unseen_surprise, wad_floor_pattern_1,
          solitary_fountain
D:2:      minmay_alternating_diamond, layout_basic, basic_altar,
          minmay_heptomino_l4
D:3:      layout_loops_ring, mainiacjoe_overflow_cross_hatched,
          hellmonk_ghost_happy_afterlife
D:4:      layout_loops_ring, old_standard_altar

Skill      XL: |  1  2  3  4  5  6 |
---------------+-------------------+-----
Axes           | 4 5 6 8 9 |  9.1
Stealth        | 1 |  1.1
Fighting       | |  3.6
Armour         | |  2.4
Dodging        | |  2.1

Action                     |  1- 3 |  4- 6 || total
---------------------------+-------+-------++-------
  Melee: Hand axe          |    61 |   102 ||   163
         Headbutt          |    10 |    11 ||    21
         Punch             |       |     1 ||     1
 Invoke: Berserk           |       |     2 ||     2
 Armour: Ring mail         |    17 |       ||    17
         Scale mail        |     8 |    43 ||    51
  Dodge: Dodged            |    35 |    50 ||    85
